 Dungeon Crawl Stone Soup version 0.25-a0-774-g40ae2d4f90 (webtiles) character file.

Game seed: 2274125013617809596, levelgen mode: deterministic

69461 Hastur the Peltast (level 14, -3/121 HPs)
             Began as a Purple Draconian Ice Elementalist on Apr 13, 2020.
             Was a High Priest of Sif Muna.
             Shot with a bolt by a naga sharpshooter (15 damage)
             ... on level 1 of the Snake Pit on Apr 14, 2020.
             The game lasted 02:01:07 (34984 turns).

Hastur the Peltast (DrIE)                          Turns: 34984, Time: 02:01:08

Health: -3/121     AC: 13    Str: 11    XL:     14   Next: 90%
Magic:  5/23       EV: 15    Int: 21    God:    Sif Muna [*****.]
Gold:   2721       SH: 14    Dex: 11    Spells: 1/25 levels left

rFire    + . .     SeeInvis .   a - +1 demon trident
rCold    . . .     Gourm    +   c - +1 kite shield {rN+}
rNeg     + . .     Faith    .   (armour unavailable)
rPois    .         Spirit   .   V - +0 hat {MR+}
rElec    .         Reflect  .   P - +0 cloak
rCorr    .         Harm     .   f - +1 pair of gloves
MR       +++..                  U - +1 pair of boots
Stlth    ++........             C - amulet of the gourmand
HPRegen  0.30/turn              v - ring of protection from fire
MPRegen  0.18/turn              S - +3 ring of slaying

@: frozen ramparts, very slightly contaminated
A: breathe power, unfitting armour, cold-blooded, AC +8
a: Breathe Dispelling Energy, Channel Magic, Forget Spell, Divine Exegesis,
Renounce Religion


You were on level 1 of the Snake Pit.
You worshipped Sif Muna.
Sif Muna was extremely pleased with you.
You were not hungry.

You visited 5 branches of the dungeon, and saw 25 of its levels.

You collected 2747 gold pieces.
You spent 26 gold pieces at shops.

Inventory:

Hand Weapons
 a - a +1 demon trident (weapon)
 b - a +2 dagger of electrocution
 h - the +1 flail "Keacias" {vorpal, rF+++ rC-}
   (You found it on level 4 of the Lair of Beasts)

   It inflicts extra damage upon your enemies.
   It renders you almost immune to fire.
   It makes you vulnerable to cold.
Missiles
 l - 740 stones (quivered)
Armour
 c - a +1 kite shield of positive energy (worn)
 f - a +1 pair of gloves (worn)
 P - a +0 cloak (worn)
 U - a +1 pair of boots (worn)
 V - a +0 hat of magic resistance (worn)
Jewellery
 n - an uncursed ring of see invisible
 v - a ring of protection from fire (left hand)
 C - an amulet of the gourmand (around neck)
 E - an uncursed ring of resist corrosion
 G - an uncursed ring of protection from magic
 H - an uncursed ring of ice
 K - an uncursed ring of protection from cold
 R - an uncursed ring of positive energy
 S - a +3 ring of slaying (right hand)
Wands
 x - a wand of clouds (12)
 I - a wand of disintegration (20)
 J - a wand of iceblast (19)
 M - a wand of flame (48)
 W - a wand of enslavement (10)
 Y - a wand of scattershot (4)
Scrolls
 i - 9 scrolls of teleportation
 m - a scroll of blinking
 p - 7 scrolls of remove curse
 r - 3 scrolls of amnesia
 u - a scroll of fear
 y - 6 scrolls of enchant armour
 B - 3 scrolls of immolation
 D - 4 scrolls of identify
 F - a scroll of brand weapon {unknown}
 L - a scroll of vulnerability
 Q - 3 scrolls of fog
 T - a scroll of magic mapping
 X - 5 scrolls of enchant weapon
 Z - a scroll of holy word
Potions
 d - a potion of invisibility
 g - 4 potions of stabbing
 j - 4 potions of might
 k - 2 potions of cancellation
 o - 4 potions of haste
 q - 5 potions of lignification
 s - 4 potions of resistance
 t - a potion of flight
 w - a potion of ambrosia
 z - 7 potions of curing
 A - 2 potions of mutation
 O - 5 potions of brilliance
Comestibles
 e - 53 rations


   Skills:
 - Level 10.0 Fighting
 + Level 6.4 Dodging
 - Level 3.1 Stealth
 - Level 15.0 Shields
 - Level 6.1 Spellcasting
 + Level 9.8 Conjurations
 - Level 3.0 Charms
 - Level 7.0 Summonings
 + Level 9.8 Ice Magic
 + Level 9.8 Air Magic


You had one spell level left.
You knew the following spells:

 Your Spells              Type           Power        Failure   Level  Hunger
a - Hailstorm             Conj/Ice       #####...     1%          4    ####...
b - Frozen Ramparts       Ice            #####.       1%          3    ##.....
c - Summon Lightning Spi  Summ/Air       #####...     3%          4    ####...
d - Summon Ice Beast      Ice/Summ       #####...     3%          4    ####...
e - Mephitic Cloud        Conj/Pois/Air  ####....     1%          3    ##.....
f - Conjure Flame         Conj/Fire      ####....     3%          3    ##.....
g - Ozocubu's Armour      Chrm/Ice       ####....     1%          3    ##.....

Your spell library contained the following spells:

 Spells                   Type           Power        Failure   Level  Hunger
 Foxfire                  Conj/Fire      ####         1%          1    None
 Freeze                   Ice            ####         1%          1    None
 Magic Dart               Conj           ####         1%          1    None
 Shock                    Conj/Air       ####         1%          1    None
 Summon Butterflies       Summ           #####...     1%          1    None
 Summon Small Mammal      Summ           ####         1%          1    None
 Corona                   Hex            #......      10%         1    None
 Call Imp                 Summ           #####...     1%          2    None
 Ensorcelled Hibernation  Hex/Ice        ####..       1%          2    None
 Poisonous Vapours        Pois/Air       ####..       1%          2    None
 Searing Ray              Conj           #####.       1%          2    None
 Call Canine Familiar     Summ           #####...     1%          3    ##.....
 Dazzling Flash           Conj/Hex       ####..       3%          3    ##.....
 Song of Slaying          Chrm           ###.....     4%          2    None
 Summon Guardian Golem    Hex/Summ       ###.....     7%          3    ##.....
 Conjure Ball Lightning   Conj/Air       #####.....   26%         6    #######
 Freezing Cloud           Conj/Ice/Air   #####.....   26%         6    #######
 Confusing Touch          Hex            #.......     28%         3    ##.....
 Ignite Poison            Fire/Tmut/Pois #.......     28%         3    ##.....
 Inner Flame              Hex/Fire       #.......     28%         3    ##.....
 Tukima's Dance           Hex            #.......     28%         3    ##.....
 Fireball                 Conj/Fire      ####......   34%         5    #####..
 Irradiate                Conj/Tmut      ####......   34%         5    #####..
 Metabolic Englaciation   Hex/Ice        ####......   34%         5    #####..
 Silence                  Hex/Air        ####......   34%         5    #####..
 Bolt of Magma            Conj/Fire/Erth ###.......   56%         5    #####..
 Animate Dead             Necr           N/A          67%         4    ####...
 Orb of Destruction       Conj           #####.....   82%         7    #######
 Starburst                Conj/Fire      ####......   89%         6    #######
 Yara's Violent Unravell  Hex/Tmut       #.........   95%         5    #####..
 Monstrous Menagerie      Summ           #####.....   99%         7    #######
 Eringya's Noxious Bog    Tmut/Pois      #.........   100%        6    #######
 Invisibility             Hex            #.......     100%        6    #######
 Ring of Flames           Chrm/Fire      ##........   100%        7    #######
 Chain Lightning          Conj/Air       #####.....   100%        8    #######
 Ignition                 Fire           #.........   100%        8    #######
 Lehudib's Crystal Spear  Conj/Erth      ####......   100%        8    #######
 Necromutation            Tmut/Necr      #.........   100%        8    #######
 Dragon's Call            Summ           #####.....   100%        9    #######


Dungeon Overview and Level Annotations

Branches:
Dungeon (15/15)            Temple (1/1) D:6            Lair (6/6) D:10
  Swamp (0/4) Lair:2        Snake (1/4) Lair:3        Slime (0/5) Lair:5
    Orc (2/2) D:12            Elf (0/3) Orc:2        Vaults (0/5) D:13
 Depths (0/5) D:15

Altars:
Ashenzari
Cheibriados
Dithmenos
Elyvilon
Fedhas
Gozag
Hepliaklqana
Kikubaaqudgha
Makhleb
Nemelex Xobeh
Okawaru
Qazlal
Ru
Sif Muna
Trog
Uskayaw
Vehumet
Wu Jian
Xom
Yredelemnul
Zin
The Shining One
Beogh
Jiyva

Shops:
D:8 =   D:15 *   Orc:2 *[=(

Annotations:
D:10 1 runed translucent door, lis82's ghost, journeyman GrEE
D:13 2 runed translucent doors
Lair:3 3 runed translucent doors, Howlingfantods's ghost, journeyman MiFi


Innate Abilities, Weirdness & Mutations

You can breathe bolts of dispelling energy.
Your rich purple scales are hard. (AC +8)
You cannot fit into any form of body armour.
You are cold-blooded and may be slowed by cold attacks.


Message History

The bolt hits you!
* * * LOW HITPOINT WARNING * * *
An arrow appears from out of your range of vision.
The arrow hits your lightning spire.
The wall freezes the naga sharpshooter.
You feel better.
The wall freezes the naga sharpshooter!
The naga sharpshooter casts a spell.
The naga sharpshooter magically shoots a bolt.
You block the bolt. The arrow hits your lightning spire!!
Your lightning spire is destroyed!
Casting: Frozen Ramparts (safe; 1% risk of failure)
Confirm with . or Enter, or press ? or * to list all spells.
A chill wind blows around you.
The wall freezes the naga sharpshooter.
The naga sharpshooter shoots a bolt.
You block the bolt.
The wall freezes the naga sharpshooter.
A naga sharpshooter comes into view. It is wielding a +0 shortbow.
The naga sharpshooter shouts!
You swap places.
The wall freezes the naga sharpshooter.
The naga sharpshooter shoots a bolt.
The bolt closely misses your ice beast. The bolt hits you!
You die...

###... ###..$...
###.N......
###.....^....
###(.........#
##(NN)......#
#.Y##.......#...
#.@##..(....N.#
#..#.........##
#..#.........#
#..##........#
#..##.........#
##..##.......%.#
#(..##...........
###...##...........
##....##


You could see a naga sharpshooter and a friendly ice beast.

Vanquished Creatures
  An ettin (D:14)
  A fire dragon (D:15)
  A centaur warrior (D:13)
  6 vault guards (D:13)
  3 two-headed ogres
  An ogre mage (D:14)
  A shock serpent (Snake:1)
  3 orc high priests (Orc:2)
  Urug (Lair:1)
  3 unseen horrors
  2 wolf spider zombies (D:13)
  3 orc knights
  2 manticores
  2 orc sorcerers (Orc:2)
  A faun (Lair:3)
  An ugly thing (D:12)
  2 elephants
  A naga mage (Snake:1)
  Maurice (D:9)
  7 black mambas
  2 gargoyles
  8 spiny frogs
  3 komodo dragons
  2 rime drakes
  A troll (Orc:1)
  7 polar bears
  9 blink frogs
  2 hornets
  A slime creature (D:13)
  3 dream sheep (Lair:6)
  A raiju (Lair:6)
  6 hippogriffs
  A vampire (D:12)
  9 yaks
  A spriggan (D:8)
  2 wyverns
  Grum (D:9)
  A vampire mosquito (D:14)
  A steam dragon (Lair:6)
  A naga (Snake:1)
  4 acid dragons
  6 porcupines
  Duvessa (D:4)
  6 wargs
  2 soldier ants
  10 water moccasins
  A floating eye (D:10)
  A swamp drake (Lair:6)
  14 hell hounds (Lair:6)
  4 sky beasts
  An ice beast (D:5)
  A black bear (shapeshifter) (D:13)
  14 black bears
  An eye of draining (shapeshifter) (D:13)
  26 orc warriors
  6 phantoms
  A necrophage (D:9)
  8 centaurs
  7 ogres
  56 wolves
  2 big kobolds
  Blork the orc (D:6)
  15 crocodiles
  11 bullfrogs
  Dowan (D:4)
  2 wyvern skeletons
  5 scorpions
  A water moccasin skeleton (D:5)
  16 killer bees
  A wight (D:7)
  5 howler monkeys
  6 crimson imps
  3 hounds
  4 jellies
  A quasit (D:14)
  A centaur zombie (D:9)
  3 bullfrog skeletons
  14 orc priests
  30 orc wizards
  3 centaur skeletons
  6 iguanas
  Natasha (thrice) (D:4)
  Terence (D:3)
  13 worker ants
  A hound skeleton (D:5)
  2 worker ant zombies
  A howler monkey skeleton (D:10)
  3 gnolls (D:4)
  9 adders
  4 shadow imps
  An ooze (D:2)
  An adder zombie (D:6)
  An adder skeleton (D:10)
  5 worms
  A dart slug (D:3)
  6 leopard geckos
  59 orcs
  2 giant cockroaches
  5 hobgoblins
  7 jackals
  10 quokkas
  A ball python skeleton (D:5)
  11 bats
  2 frilled lizards
  10 goblins
  8 kobolds
  A leopard gecko skeleton (D:5)
  2 quokka skeletons
  3 rats
  A butterfly (D:2)
580 creatures vanquished.

Vanquished Creatures (collateral kills)
  Gastronok (Lair:2)
  An orc warlord (Orc:2)
  A fire dragon (Lair:6)
  2 vault guards (D:13)
  5 hydras
  An ogre mage (D:15)
  4 two-headed ogres
  An orc high priest (Orc:2)
  A swamp dragon (Lair:6)
  2 orc knights
  An oklob plant (Lair:3)
  A cyclops (D:15)
  2 orc sorcerers
  A manticore (D:14)
  A centaur zombie (D:11)
  4 elephants
  Psyche (D:9)
  A black mamba (Lair:4)
  2 naga magi (Snake:1)
  A spiny frog (Lair:3)
  A gargoyle (D:10)
  A yaktaur (D:15)
  A rime drake (Lair:4)
  2 komodo dragons
  4 polar bears (Lair:6)
  A troll (shapeshifter) (D:13)
  5 dream sheep
  3 slime creatures (D:13)
  2 hippogriffs
  A vampire (D:14)
  A wyvern (Lair:4)
  A hungry ghost (D:11)
  3 yaks
  A wraith (D:9)
  2 basilisks
  A vampire mosquito (D:14)
  A swamp worm (Lair:2)
  A naga (Snake:1)
  An acid dragon (D:11)
  2 water moccasins
  A porcupine (Lair:4)
  2 hell hounds (Lair:6)
  8 orc warriors
  2 ice beasts (D:11)
  A phantom (D:12)
  2 black bears (Lair:6)
  A necrophage (D:10)
  A centaur (D:11)
  11 wolves
  A bullfrog (Lair:4)
  A wyvern zombie (D:13)
  4 wights (D:14)
  A howler monkey (D:14)
  A crimson imp (D:11)
  2 orc priests
  An orc wizard (D:11)
  A worker ant (D:8)
  14 orcs
  A kobold (D:11)
125 creatures vanquished.

Vanquished Creatures (others)
  6 fungi
  19 plants
  2 withered plants (D:10)
27 creatures vanquished.

Grand Total: 732 creatures vanquished

Notes
Turn   | Place    | Note
-------+----------+-------------------------------------------
     0 | D:1      | Hastur the Draconian Ice Elementalist began the quest for
                  | the Orb.
     0 | D:1      | Reached XP level 1. HP: 14/14 MP: 3/3
   335 | D:1      | Reached skill level 1 in Fighting
   369 | D:1      | Reached XP level 2. HP: 23/23 MP: 1/5
  1521 | D:2      | Found a shimmering altar of Xom.
  1587 | D:2      | Reached XP level 3. HP: 21/29 MP: 2/7
  1733 | D:2      | Learned a level 3 spell: Frozen Ramparts
  2241 | D:2      | Reached XP level 4. HP: 32/37 MP: 5/8
  2324 | D:2      | Found an iron altar of Okawaru.
  2526 | D:3      | Noticed Terence
  2540 | D:3      | Killed Terence
  2693 | D:3      | Found a burning altar of Makhleb.
  2722 | D:3      | Reached XP level 5. HP: 45/45 MP: 5/10
  2865 | D:3      | Found a shimmering blue altar of Sif Muna.
  2873 | D:3      | Became a worshipper of Sif Muna the Loreminder
  3083 | D:4      | Noticed a phantom
  3157 | D:4      | Reached XP level 6. HP: 13/53 MP: 6/12
  3543 | D:4      | Noticed Natasha
  3547 | D:4      | Killed Natasha
  3547 | D:4      | Reached skill level 5 in Fighting
  3555 | D:4      | Noticed Dowan
  3591 | D:4      | Noticed Duvessa
  3598 | D:4      | Killed Duvessa
  3598 | D:4      | Reached skill level 5 in Spellcasting
  3600 | D:4      | Killed Dowan
  3600 | D:4      | Your scales start taking on a rich purple colour.
  3600 | D:4      | Reached XP level 7. HP: 37/61 MP: 6/16
  3793 | D:4      | Learned a level 3 spell: Ozocubu's Armour
  3798 | D:4      | Learned a level 4 spell: Summon Ice Beast
  3895 | D:4      | Noticed Natasha
  3901 | D:4      | Killed Natasha
  4074 | D:4      | Noticed Natasha
  4089 | D:4      | Killed Natasha
  4089 | D:4      | Reached skill level 1 in Charms
  4158 | D:5      | Entered Level 5 of the Dungeon
  4161 | D:5      | Found a blossoming altar of Fedhas.
  4178 | D:5      | Reached skill level 1 in Summonings
  4320 | D:5      | Reached * piety under Sif Muna
  4547 | D:5      | Reached skill level 5 in Ice Magic
  4548 | D:5      | Reached XP level 8. HP: 27/68 MP: 10/17
  5234 | D:6      | Found a hide-covered altar of Uskayaw.
  5615 | D:6      | Reached skill level 5 in Summonings
  5635 | D:6      | Reached ** piety under Sif Muna
  5712 | D:6      | Noticed Blork the orc
  5723 | D:6      | Killed Blork the orc
  5893 | D:6      | Found a basalt altar of Yredelemnul.
  5893 | D:6      | Found a glowing silver altar of Zin.
  5905 | D:6      | Found a staircase to the Ecumenical Temple.
  5911 | Temple   | Entered the Ecumenical Temple
  6191 | D:6      | Found a radiant altar of Vehumet.
  6684 | D:7      | Reached XP level 9. HP: 67/74 MP: 13/18
  7216 | D:7      | Reached skill level 1 in Shields
  7330 | D:8      | Reached skill level 2 in Shields
  7356 | D:8      | Reached skill level 3 in Shields
  7576 | D:8      | Reached skill level 4 in Shields
  7824 | D:8      | Reached skill level 5 in Shields
  8117 | D:8      | Found Karoib's Jewellery Shoppe.
  8238 | D:9      | Reached skill level 6 in Shields
  8259 | D:9      | Noticed Grum
  8276 | D:9      | Killed Grum
  8276 | D:9      | Reached skill level 7 in Shields
  8728 | D:9      | Noticed Psyche
  8743 | D:9      | Killed Psyche
  8743 | D:9      | Reached XP level 10. HP: 41/81 MP: 6/19
  9020 | D:9      | Reached skill level 8 in Shields
  9068 | D:9      | Reached *** piety under Sif Muna
  9096 | D:9      | Found a basalt altar of Yredelemnul.
  9204 | D:9      | Noticed Maurice
  9213 | D:9      | Killed Maurice
  9462 | D:10     | Entered Level 10 of the Dungeon
  9473 | D:10     | Learned a level 3 spell: Mephitic Cloud
  9475 | D:10     | Reached skill level 9 in Shields
  9504 | D:10     | Reached skill level 1 in Conjurations
  9504 | D:10     | Reached skill level 1 in Air Magic
  9658 | D:10     | Paralysed by a floating eye for 2 turns
  9889 | D:10     | Noticed a two-headed ogre
  9901 | D:10     | Killed a two-headed ogre
 10193 | D:10     | Reached **** piety under Sif Muna
 10288 | D:10     | Noticed a gargoyle
 10297 | D:10     | Killed a gargoyle
 10401 | D:10     | Found a staircase to the Lair.
 10465 | D:10     | Killed an unseen horror
 10469 | D:10     | Reached skill level 10 in Shields
 10497 | D:10     | Reached XP level 11. HP: 37/86 MP: 4/20
 10836 | D:10     | Noticed a two-headed ogre
 10852 | D:10     | Killed a two-headed ogre
 10995 | D:10     | Reached skill level 5 in Conjurations
 11159 | D:10     | Found a runed translucent door.
 11160 | D:10     | Noticed lis82's ghost (journeyman GrEE)
 11642 | Lair:1   | Entered Level 1 of the Lair of Beasts
 11671 | Lair:1   | Got a faintly glowing great sword
 11797 | Lair:1   | Reached skill level 5 in Air Magic
 12338 | Lair:1   | Noticed Urug
 12361 | Lair:1   | Killed Urug
 12537 | Lair:1   | Reached skill level 11 in Shields
 12817 | Lair:2   | Noticed Gastronok
 13434 | Lair:2   | Killed Gastronok
 13628 | Lair:2   | Noticed an eight-headed hydra
 13637 | Lair:2   | Killed an eight-headed hydra
 13901 | Lair:2   | Learned a level 3 spell: Conjure Flame
 14159 | Lair:2   | Found a staircase to the Swamp.
 14492 | Lair:3   | Reached XP level 12. HP: 94/94 MP: 12/21
 14710 | Lair:3   | Reached skill level 12 in Shields
 14746 | Lair:3   | Reached ***** piety under Sif Muna
 14746 | Lair:3   | Identified Sif Muna's Papyrus of Harmful Companions (Sif
                  | Muna gifted it to you on level 3 of the Lair of Beasts)
 14746 | Lair:3   | Received a gift from Sif Muna
 14858 | Lair:3   | HP: 4/94 [faun/stone (16)]
 15155 | Lair:3   | Reached skill level 13 in Shields
 15244 | Lair:3   | Learned a level 4 spell: Summon Lightning Spire
 15419 | Lair:3   | Found a staircase to the Snake Pit.
 16550 | Lair:3   | Found a runed translucent gate.
 16550 | Lair:3   | Noticed an eight-headed hydra
 16553 | Lair:3   | Found a runed translucent gate.
 16554 | Lair:3   | Found a runed translucent gate.
 16554 | Lair:3   | Noticed Howlingfantods's ghost (journeyman MiFi)
 16557 | Lair:3   | Noticed a catoblepas
 17153 | Lair:4   | Reached skill level 14 in Shields
 17316 | Lair:4   | Noticed a four-headed hydra
 17325 | Lair:4   | Killed a four-headed hydra
 17922 | Lair:4   | Identified the cursed +1 flail "Keacias" {vorpal, rF+++
                  | rC-} (You found it on level 4 of the Lair of Beasts)
 18271 | Lair:5   | Identified Luebruh's Compendium of Confrontation and
                  | Talismans (Sif Muna gifted it to you on level 5 of the Lair
                  | of Beasts)
 18271 | Lair:5   | Received a gift from Sif Muna
 18525 | Lair:5   | Found a staircase to the Slime Pits.
 18526 | Lair:5   | Found a viscous altar of Jiyva.
 18728 | Lair:6   | Entered Level 6 of the Lair of Beasts
 18755 | Lair:6   | Reached skill level 15 in Shields
 18835 | Lair:5   | Reached XP level 13. HP: 85/100 MP: 14/22
 20828 | Lair:6   | Noticed a fire dragon
 21521 | Lair:6   | Killed a fire dragon
 23111 | Lair:6   | Reached skill level 10 in Fighting
 23689 | Lair:6   | HP: 4/113 [polar bear (7)]
 24585 | D:11     | Upgraded the game from 0.25-a0-743-g84dc20635f to
                  | 0.25-a0-774-g40ae2d4f90
 24938 | D:11     | Identified Nehem's Almanac of Venomous Fascination (Sif
                  | Muna gifted it to you on level 11 of the Dungeon)
 24938 | D:11     | Received a gift from Sif Muna
 25325 | D:11     | Identified a scroll of acquirement
 26193 | D:12     | Found a roughly hewn altar of Beogh.
 26195 | D:12     | Found a staircase to the Orcish Mines.
 28159 | D:13     | Reached XP level 14. HP: 95/121 MP: 18/23
 28356 | D:13     | Identified Sif Muna's Almanac of Lethal Confrontation (Sif
                  | Muna gifted it to you on level 13 of the Dungeon)
 28356 | D:13     | Received a gift from Sif Muna
 28432 | D:13     | Found a gate to the Vaults.
 28925 | D:13     | Found a runed translucent door.
 29298 | D:13     | Found a runed translucent door.
 29872 | D:14     | Reached skill level 5 in Dodging
 30010 | D:14     | Found a glowing golden altar of the Shining One.
 30237 | D:15     | Entered Level 15 of the Dungeon
 31293 | D:15     | Found Reusmeul's Assorted Antiques.
 31386 | D:15     | Found a sparkling altar of Nemelex Xobeh.
 31434 | D:15     | Found a staircase to the Depths.
 31563 | D:15     | Bought a scroll labeled ZYASKULLOO for 26 gold pieces
 31618 | D:15     | Learned a level 4 spell: Hailstorm
 31704 | Orc:1    | Entered Level 1 of the Orcish Mines
 31837 | Orc:2    | Entered Level 2 of the Orcish Mines
 32211 | Orc:2    | Identified Sif Muna's Tome of Bewitching Confrontation (Sif
                  | Muna gifted it to you on level 2 of the Orcish Mines)
 32211 | Orc:2    | Received a gift from Sif Muna
 33019 | Orc:2    | Found a staircase to the Elven Halls.
 33036 | Orc:2    | Noticed an orc warlord
 33097 | Orc:2    | Killed an orc warlord
 33663 | Orc:2    | Identified Sif Muna's Almanac of Old and Reckless (Sif Muna
                  | gifted it to you on level 2 of the Orcish Mines)
 33663 | Orc:2    | Received a gift from Sif Muna
 34146 | Orc:2    | Found Opieleut's Antique Armour Shop.
 34147 | Orc:2    | Found Nokaor's Antique Weapon Boutique.
 34148 | Orc:2    | Found Zekoygog's General Store.
 34148 | Orc:2    | Found Nickusoi's Jewellery Shop.
 34416 | Snake:1  | Entered Level 1 of the Snake Pit
 34981 | Snake:1  | HP: 5/121 [naga sharpshooter/bolt (9)]
 34984 | Snake:1  | Shot with a bolt by a naga sharpshooter

Levels and vault maps discovered:
D:1:      saegor_arrival_simple_d, layout_basic
D:2:      layout_loops_ring, xom_butterflies, kennysheep_okawaru_gauntlet
D:3:      layout_basic, led_sif_book, bloody_makhleb, uniq_terence
D:4:      layout_loops_ring, first_ration, chequers_serial_rivers_micro_e,
          uniq_duvessa, uniq_natasha
D:5:      layout_layer_cave, fedhas_altar_2
D:6:      layout_basic, gammafunk_temple_overflow_elements, kennysheep_mini,
          eat_drink_and_be_merry_uskayaw, minmay_temple_entry_enclosed_plants,
          uniq_blork_the_orc
D:7:      minmay_chambers_of_fours, layout_loops_ring
D:8:      layout_loops_ring, serial_shops, shop, the_bakery,
          kennysheep_just_a_vault
D:9:      layout_rooms, basic_altar, uniq_psyche, uniq_maurice, uniq_grum
D:10:     layout_basic, lair_entry_dummy, gammafunk_ghost_grave,
          onia_ninara_cookie
D:11:     layout_gridville
D:12:     layout_roguey, david_orc_5, grunt_decor_one_mirror, drop_trap
D:13:     minmay_expanding_circles, layout_long_grid, erik_vaults_2
D:14:     layout_roguey, chequers_serial_rivers_micro_d, tso_altar
D:15:     hangedman_depths_entry_civil_slaughter, layout_rooms, serial_shops,
          shop, chequers_serial_rivers_micro_b, nemelex_altar_shiori
Temple:   zaba_magenta_temple
Lair:1:   layout_roguey, uniq_urug
Lair:2:   layout_small_grid, minmay_swamp_entry_worms, grunt_megastairs_4,
          uniq_gastronok
Lair:3:   layout_big_grid, dummy_snake_entry, gammafunk_ghost_split,
          nicolae_quartered_pool_medium, wad_woods_road_03,
          grunt_forest_large_clearings, minmay_lair_oklob_chamber,
          lemuel_fruit_tree
Lair:4:   layout_long_grid, minivault_11, chequers_serial_rivers_room_b,
          lemuel_fruit_fields, grunt_megastairs_5
Lair:5:   layout_roguey, slime_altar_1
Lair:6:   hangedman_lair_caniforms_friends, layout_misc_corridors,
          guppyfry_lair_end_dragon, infiniplex_staircase_pool_2
Snake:1:  layout_onion, minmay_shoptagon
Orc:1:    layout_diamond_mine
Orc:2:    st_orc_congregation, layout_diamond_mine

Skill      XL: |  1  2  3  4  5  6  7  8  9 10 11 12 13 14 |
---------------+-------------------------------------------+-----
Fighting       | 1 2 3 4 5 10 | 10.0
Spellcasting   | 3 4 6 |  6.1
Stealth        | 3 |  3.1
Charms         | 3 |  3.0
Summonings     | 2 6 7 |  7.0
Ice Magic      | 5 7 8 9 |  9.8
Shields        | 7 10 11 15 | 15.0
Conjurations   | 4 7 8 9 |  9.8
Air Magic      | 4 7 8 9 |  9.8
Dodging        | 4 6 |  6.4

Action                   |  1- 3 |  4- 6 |  7- 9 | 10-12 | 13-15 || total
-------------------------+-------+-------+-------+-------+-------++-------
Melee: Unarmed           |     5 |       |       |       |     2 ||     7
       Short sword       |    10 |       |       |       |       ||    10
       Dagger            |     7 |    63 |   179 |   301 |   424 ||   974
       Tailslap          |     2 |     8 |    17 |    34 |    85 ||   146
       Demon trident     |       |       |       |    30 |   141 ||   171
       Flail             |       |       |       |       |    22 ||    22
Throw: Stone             |       |       |       |    11 |     3 ||    14
 Cast: Freeze            |    60 |    41 |    75 |   219 |   188 ||   583
       Frozen Ramparts   |     5 |    10 |    30 |    67 |   119 ||   231
       Ozocubu's Armour  |       |       |     8 |     5 |       ||    13
       Summon Ice Beast  |       |       |     7 |    59 |    61 ||   127
       Mephitic Cloud    |       |       |       |     3 |       ||     3
       Summon Lightning  |       |       |       |    15 |    67 ||    82
       Hailstorm         |       |       |       |       |    14 ||    14
 Abil: Breathe Dispellin |       |       |     4 |     6 |     3 ||    13
Evoke: Wand              |       |    11 |       |       |     2 ||    13
  Use: Scroll            |       |       |     8 |    19 |    15 ||    42
       Potion            |       |       |       |     3 |     5 ||     8
 Stab: Sleeping          |     1 |       |     4 |     2 |     5 ||    12
       Distracted        |       |       |       |     3 |     9 ||    12
  Eat: Chunk             |     4 |     6 |    14 |    27 |    74 ||   125
       Ration            |       |       |     1 |     6 |       ||     7
Armor: Skin              |    18 |    18 |    94 |   154 |   267 ||   551
Dodge: Dodged            |    53 |    51 |   153 |   234 |   397 ||   888
Block: Kite shield       |       |       |       |   339 |   724 ||  1063

Table legend:
 A = Non-vault XP
 B = Vault XP
 C = Vault XP percentage of total XP
 D = Non-vault monster count
 E = Vault monster count
 F = Vault count percentage of total count
                 A         B        C        D         E       F
            +---------+---------+-------+---------+---------+-------
      Total |   53897 |   45333 |  45.7 |     436 |     268 |  38.1
            +---------+---------+-------+---------+---------+-------
        D:1 |      16 |       0 |   0.0 |      10 |       0 |   0.0
        D:2 |      89 |       4 |   4.3 |      26 |       2 |   7.1
        D:3 |     195 |     116 |  37.3 |      19 |       3 |  13.6
        D:4 |     213 |     270 |  55.9 |      14 |       3 |  17.6
        D:5 |     671 |       0 |   0.0 |      22 |       0 |   0.0
        D:6 |     784 |     100 |  11.3 |      15 |       1 |   6.2
        D:7 |     593 |     326 |  35.5 |       7 |       6 |  46.2
        D:8 |     852 |     372 |  30.4 |      16 |       2 |  11.1
        D:9 |     978 |    1465 |  60.0 |      19 |       7 |  26.9
       D:10 |    3650 |    2435 |  40.0 |      32 |      19 |  37.3
       D:11 |    5036 |       0 |   0.0 |      46 |       0 |   0.0
       D:12 |    1551 |    1269 |  45.0 |       7 |      23 |  76.7
       D:13 |    5783 |    7774 |  57.3 |      25 |      12 |  32.4
       D:14 |    3461 |    1477 |  29.9 |      20 |       2 |   9.1
       D:15 |    3868 |    1463 |  27.4 |      10 |       4 |  28.6
     Lair:1 |    3902 |     702 |  15.2 |      21 |       1 |   4.5
     Lair:2 |    2470 |    1479 |  37.5 |      10 |       3 |  23.1
     Lair:3 |    4061 |    4114 |  50.3 |      24 |      33 |  57.9
     Lair:4 |    4508 |    1806 |  28.6 |      25 |      10 |  28.6
     Lair:5 |    2526 |       0 |   0.0 |      14 |       0 |   0.0
     Lair:6 |    3650 |   10867 |  74.9 |      14 |      69 |  83.1
    Snake:1 |    2803 |       0 |   0.0 |       9 |       0 |   0.0
      Orc:1 |    1520 |       0 |   0.0 |      17 |       0 |   0.0
      Orc:2 |     717 |    9294 |  92.8 |      14 |      68 |  82.9
            +---------+---------+-------+---------+---------+-------
